 Dungeon Crawl Stone Soup version 0.31-a0-986-g5e6e4ef867 (webtiles) character file.

Game seed: 5847683687095187744

196 timneilson the Ruffian (level 5, -1/35 HPs)
             Began as an Octopode Shapeshifter on Nov 17, 2023.
             Slain by a sleepcap (16 damage)
             ... on level 4 of the Dungeon on Nov 24, 2023.
             The game lasted 00:06:34 (2624 turns).

timneilson the Ruffian (Octopode Shapeshifter)      Turns: 2624, Time: 00:06:35

Health: -1/35      AC:  1    Str: 15    XL:     5   Next: 75%
Magic:  5/5        EV:  2    Int: 13    God:
Gold:   91         SH:  0    Dex: 11    Spells: 4/4 levels left

rFire   + .          .
                       - Unarmed
rCold   . . .        (no shield)
rNeg    . . .        (helmet currently unavailable)
rPois   .            (no amulet)
rElec   .            j - ring of protection from fire
rCorr   .            (no ring)
SInv    .            (no ring)
Will    .....        (no ring)
Stlth   +++          (no ring)
HPRegen 0.25/turn    (no ring)
MPRegen 0.09/turn    (no ring)
                     (no ring)

%: no passive effects
@: beast-form, sleeping
A: beast (slay +2), almost no armour, amphibious, 8 rings, camouflage 1,
gelatinous body 1, (nimble swimmer 1), tentacles
a: Begin Untransformation


You were on level 4 of the Dungeon.
You were a hulking beast.
You visited 1 branch of the dungeon, and saw 4 of its levels.

You collected 91 gold pieces.

Inventory:

Jewellery
 j - a ring of protection from fire (left tentacle)
Talismans
 b - a beast talisman
 c - a flux talisman
Wands
 m - a wand of charming (4)
Scrolls
 h - a scroll of silence
 n - a scroll of revelation {unknown}
Potions
 a - 2 potions of lignification
 d - a potion of haste {unknown}
 e - 2 potions of brilliance {unknown}
 f - a potion of might {unknown}
 g - 2 potions of resistance
 i - 2 potions of heal wounds
 k - a potion of attraction {unknown}
 l - a potion of degeneration {unknown}
 o - a potion of berserk rage {unknown}
 p - a potion of invisibility {unknown}


   Skills:
 * Level 2.4 Fighting
 * Level 3.1 Dodging
 + Level 2.2 Stealth
 * Level 3.9 Unarmed Combat
 + Level 1.0 Evocations
 * Level 3.7 Shapeshifting


You had 4 spell levels left.
You didn't know any spells.
Your spell library contained the following spells:

 Spells                   Type           Power      Damage    Failure   Level
 Cause Fear               Hex            0%         N/A       97%         4
 Fireball                 Conj/Fire      0%         3d3       100%        5
 Dragon's Call            Summ           0%         N/A       100%        9


Dungeon Overview and Level Annotations

Branches:
Dungeon (4/15)
 Temple: D:4-7

Altars:
Hepliaklqana
Makhleb


Innate Abilities, Weirdness & Mutations

You are a hulking beast.
Your limbs bulge with bestial killing power. (Slay +2)
You cannot wear most types of armour.
You are amphibious.
You can wear up to eight rings at the same time.
Your skin changes colour to match your surroundings (Stealth+).
Your rubbery body absorbs attacks. (AC +1, EV +1)
((You are camouflaged when in or above water. (Stealth+)))
You have tentacles for arms and can constrict up to eight enemies at once.


Message History

You bludgeon the hound! Your grab misses the hound. You squeeze the hound.
The hound is severely wounded.
The hound barely misses you.
You bludgeon the hound!
You kill the hound!
Your Evocations skill increases to level 1!
You see here a hound corpse.
You see here 13 gold pieces.
The sleepcap barely misses you.
You tentacle-slap the sleepcap. You grab the sleepcap.
The sleepcap is lightly damaged.
You constrict the sleepcap, but do no damage.
The sleepcap releases spores at you.
You are engulfed in a cloud of soporific spores!
You fall asleep.
You lose your grip on the sleepcap.
The sleepcap releases spores at you!
You wake up.
You tentacle-slap the sleepcap. You grab the sleepcap.
The sleepcap is lightly damaged.
You constrict the sleepcap, but do no damage.
The sleepcap releases spores at you.
You tentacle-slap the sleepcap but do no damage.
The sleepcap is lightly damaged.
You constrict the sleepcap. The sleepcap releases spores at you!
* * * LOW HITPOINT WARNING * * *
You tentacle-slap the sleepcap.
The sleepcap is moderately damaged.
You constrict the sleepcap, but do no damage.
The sleepcap releases spores at you.
* * * LOW HITPOINT WARNING * * *
You feel much better.
You constrict the sleepcap. The sleepcap closely misses you.
You tentacle-slap the sleepcap.
The sleepcap is heavily damaged.
You constrict the sleepcap. The sleepcap releases spores at you.
You are engulfed in a cloud of soporific spores!
You fall asleep.
You lose your grip on the sleepcap.
The sleepcap releases spores at you!
You die...

...###.......... ...#
#.#.#.#.######.### ...#
#.#.#.#.###.......# ...#
#.#...#.##..♣...♣.. ...#
#.##..#.#........$. ####
#.##..#.#.....♣....
#.......#..<....)>.
####.####..f..♣.... #.#
#..h.......
#######.#####.$♣...♣..
#...........##....?..#
#.#####.#####..####### #.#
#.#...#.†###########
###.#####.#................#
..........#...#.##########.#
################ #.# # #.#


You could see a sleepcap.

Vanquished Creatures
  A hound (D:4)
  2 iguanas (D:4)
  5 adders
  2 worms (D:2)
  6 orcs
  3 endoplasms
  2 giant cockroaches (D:2)
  6 goblins
  6 hobgoblins
  3 jackals (D:1)
  8 kobolds
  7 ball pythons
  4 bats (D:3)
  2 frilled lizards
  3 rats
60 creatures vanquished.

Notes
Turn   | Place    | Note
-------+----------+-------------------------------------------
     0 | D:1      | timneilson the Octopode Shapeshifter began the quest for
                  | the Orb.
     0 | D:1      | Reached XP level 1. HP: 13/13 MP: 1/1
   244 | D:1      | Reached XP level 2. HP: 18/18 MP: 2/2
   879 | D:2      | Reached skill level 1 in Stealth
  1055 | D:2      | Reached XP level 3. HP: 22/23 MP: 3/3
  1739 | D:3      | Found a hazy altar of Hepliaklqana.
  1754 | D:3      | Reached XP level 4. HP: 20/29 MP: 4/4
  2174 | D:4      | Noticed a black bear
  2346 | D:4      | Found a burning altar of Makhleb.
  2426 | D:4      | Reached XP level 5. HP: 17/34 MP: 5/5
  2602 | D:4      | Reached skill level 1 in Evocations
  2624 | D:4      | Slain by a sleepcap

Illustrated notes

Levels and vault maps discovered:
D:1:      minmay_arrival_radiant_lines, layout_loops_corners, serial_aquarium,
          aquarium_bridge_straight [aquarium_subvault_bridge,
          aquarium_subvault_window, aquarium_subvault_bridge,
          aquarium_subvault_balcony], aquarium_bridge_island_small
          [aquarium_subvault_small_open, aquarium_subvault_wall,
          aquarium_subvault_wall, aquarium_subvault_bridge,
          aquarium_subvault_wall], aquarium_window_corner,
          aquarium_window_corridor_3, aquarium_window_1, aquarium_view_2b,
          aquarium_view_2a, aquarium_pool_1
D:2:      layout_basic
D:3:      layout_basic, overflow_temple_1_default, minmay_misc_feat_rugged
D:4:      layout_loops_ring, bloody_makhleb, grunt_ministairs_10,
          roderic_roman_lattice

Skill      XL: |  1  2  3  4  5 |
---------------+----------------+-----
Stealth        | 1 2 |  2.2
Fighting       | 2 |  2.4
Dodging        | 3 |  3.1
Evocations     | 1 |  1.0
Unarmed Combat | |  3.9
Shapeshifting  | |  3.7

Action                     |  1- 3 |  4- 6 || total
---------------------------+-------+-------++-------
  Melee: Unarmed           |    80 |    41 ||   121
         Constrict         |    18 |    10 ||    28
         Tentacles         |    13 |     9 ||    22
         Punch             |     1 |       ||     1
    Use: Scroll            |     4 |     4 ||     8
         Potion            |       |     1 ||     1
   Stab: Sleeping          |     4 |     9 ||    13
         Distracted        |     1 |     1 ||     2
 Armour: Skin              |    39 |    16 ||    55
  Dodge: Dodged            |    61 |    17 ||    78

Table legend: (Time is in decaauts)
 A = Elapsed time spent in this place.
 B = Non-inter-level travel time spent in this place.
 C = Inter-level travel time spent in this place.
 D = Time resting spent in this place.
 E = Time spent auto-exploring this place.
 F = Levels seen in this place.
 G = Mean time per level.
                   A        B        C        D        E       F      G
               +--------+--------+--------+--------+--------+-----+--------+
         Total |   2617 |   2533 |     84 |    108 |   1932 |   4 |  654.2 |
       Dungeon |   2617 |   2533 |     84 |    108 |   1932 |   4 |  654.2 |
               +--------+--------+--------+--------+--------+-----+--------+

Top non-repeatable levels by time:
     D:1: 871 daAuts
     D:2: 808 daAuts
     D:4: 476 daAuts
     D:3: 461 daAuts
